| TOP OF THE 1ST |
|
Bristol Pirates batting - Pitching for Philadelphia (APP) Phillies : LHP Tim Lawson
|
|
Pitching: LHP Tim Lawson
|
|
|
Batting: RHB Alex Arzate
|
0-0: SOLO HOME RUN (Flyball, 7D, EV 95.0 MPH), Distance : 355 ft
|
|
Batting: SHB Ronnie Brooks
|
0-0: Foul Ball, location: 2F 0-1: Ball 1-1: Ball 2-1: Called Strike 2-2: Strikes out swinging
|
|
Batting: LHB Josh Aerni
|
0-0: Swinging Strike 0-1: Ball 1-1: Ball 2-1: Ball 3-1: Fly out, F9 (Line Drive, 9, EV 98.1 MPH)
|
|
Batting: RHB Ricky Alvarado
|
0-0: Swinging Strike 0-1: Swinging Strike 0-2: Ball 1-2: Strikes out swinging
|
| Top of the 1st over - 1 run, 1 hit, 0 errors, 0 left on base; Bristol 1 - Philadelphia (APP) 0 |
| BOTTOM OF THE 1ST |
|
Philadelphia (APP) Phillies batting - Pitching for Bristol Pirates : RHP Luis Flores
|
|
Pitching: RHP Luis Flores
|
|
|
Batting: LHB Jonathan Roman
|
0-0: Called Strike 0-1: Swinging Strike 0-2: Ball 1-2: Ball 2-2: Ball 3-2: Base on Balls
|
|
Batting: RHB Dave Gallegos
|
0-0: Swinging Strike 0-1: Ball 1-1: Foul Ball, location: 2F 1-2: Fly out, F7 (Flyball, 7D, EV 95.0 MPH)
|
|
Batting: LHB Rich Kuehne
|
0-0: Foul Ball, location: 2F 0-1: Ball Wild Pitch! Jonathan Roman to second 1-1: Foul Ball, location: 2F 1-2: Foul Ball, location: 2F 1-2: Ball 2-2: Ball 3-2: SINGLE (Groundball, P, EV 84.4 MPH) (infield hit) Jonathan Roman to third
|
|
Batting: SHB Brett St. Clair
|
0-0: SINGLE (Groundball, 56S, EV 67.5 MPH) (infield hit) Jonathan Roman scores Rich Kuehne to second
|
|
Batting: RHB Juan Valadez
|
0-0: Ball 1-0: Ball 2-0: Called Strike 2-1: Called Strike 2-2: Ball 3-2: Fielders Choice at 2nd, 4-6 (Groundball, 4, EV 96.9 MPH) Rich Kuehne to third
|
|
Batting: RHB Joel Gomez
|
0-0: Ball 1-0: Foul Ball, location: 2F 1-1: Ground out 4-3 (Groundball, 4S, EV 80.0 MPH)
|
| Bottom of the 1st over - 1 run, 2 hits, 0 errors, 2 left on base; Bristol 1 - Philadelphia (APP) 1 |
| TOP OF THE 2ND |
|
Bristol Pirates batting - Pitching for Philadelphia (APP) Phillies : LHP Tim Lawson
|
|
Batting: RHB Steve Terres
|
0-0: Called Strike 0-1: DOUBLE (Line Drive, 5D, EV 102.5 MPH)
|
|
Batting: RHB Rusty Trader
|
0-0: Ball 1-0: Fly out, F8 (Line Drive, 89M, EV 86.9 MPH)
|
|
Batting: RHB Hidesuke Yoshida
|
0-0: Called Strike 0-1: Called Strike 0-2: Ball 1-2: Ball 2-2: Foul Ball, location: 2F 2-2: SINGLE (Line Drive, 78M, EV 103.1 MPH) Steve Terres to third
|
|
Batting: RHB Ryan LeSueur
|
0-0: Grounds into double play, 4-6-3 (Groundball, 4, EV 88.8 MPH)
|
| Top of the 2nd over - 0 runs, 2 hits, 0 errors, 1 left on base; Bristol 1 - Philadelphia (APP) 1 |
| BOTTOM OF THE 2ND |
|
Philadelphia (APP) Phillies batting - Pitching for Bristol Pirates : RHP Luis Flores
|
|
Batting: LHB Travis Hahn
|
0-0: Ball 1-0: Fly out, F9 (Line Drive, 89M, EV 86.9 MPH)
|
|
Batting: RHB Rafael Soto
|
0-0: Called Strike 0-1: Swinging Strike 0-2: Ball 1-2: Ball 2-2: Ball 3-2: Strikes out swinging
|
|
Batting: RHB Miguel Vazquez
|
0-0: Called Strike 0-1: Ball 1-1: Swinging Strike 1-2: Strikes out swinging
|
| Bottom of the 2nd over - 0 runs, 0 hits, 0 errors, 0 left on base; Bristol 1 - Philadelphia (APP) 1 |
| TOP OF THE 3RD |
|
Bristol Pirates batting - Pitching for Philadelphia (APP) Phillies : LHP Tim Lawson
|
|
Batting: SHB Juan Ayala
|
0-0: Called Strike 0-1: Called Strike 0-2: Foul Ball, location: 2F 0-2: Ground out 5-3 (Groundball, 5, EV 79.4 MPH)
|
|
Batting: RHB Alex Arzate
|
0-0: Ball 1-0: Foul Ball, location: 2F 1-1: SINGLE (Groundball, 56, EV 105.6 MPH) (infield hit)
|
|
Batting: SHB Ronnie Brooks
|
0-0: Fielders Choice at 2nd, 4-6 (Groundball, 4, EV 88.1 MPH)
|
|
Batting: LHB Josh Aerni
|
0-0: Ball Passed Ball! Ronnie Brooks to second 1-0: Ball 2-0: Ball 3-0: Base on Balls
|
|
Batting: RHB Ricky Alvarado
|
0-0: Fly out, F8 (Flyball, 78M, EV 76.2 MPH)
|
| Top of the 3rd over - 0 runs, 1 hit, 0 errors, 2 left on base; Bristol 1 - Philadelphia (APP) 1 |
| BOTTOM OF THE 3RD |
|
Philadelphia (APP) Phillies batting - Pitching for Bristol Pirates : RHP Luis Flores
|
|
Batting: LHB Jonathan Roman
|
0-0: Ball 1-0: Foul Ball, location: 2F 1-1: Ball 2-1: Ground out 6-3 (Groundball, 6, EV 75.6 MPH)
|
|
Batting: RHB Dave Gallegos
|
0-0: Ball 1-0: Ball 2-0: Ball 3-0: Called Strike 3-1: SINGLE (Line Drive, 8LS, EV 94.4 MPH)
|
|
Batting: LHB Rich Kuehne
|
0-0: Ball 1-0: Fielders Choice at 2nd, 4-6 (Groundball, 4MD, EV 81.9 MPH)
|
|
Batting: SHB Brett St. Clair
|
0-0: Called Strike 0-1: Ball 1-1: Called Strike 1-2: Reached on error, E4 (Groundball, 4, EV 90.6 MPH) Rich Kuehne to second
|
|
Batting: RHB Juan Valadez
|
0-0: Called Strike 0-1: Ball 1-1: Swinging Strike 1-2: Ball 2-2: Fly out, F8 (Line Drive, 8RS, EV 94.4 MPH)
|
| Bottom of the 3rd over - 0 runs, 1 hit, 1 error, 2 left on base; Bristol 1 - Philadelphia (APP) 1 |
| TOP OF THE 4TH |
|
Bristol Pirates batting - Pitching for Philadelphia (APP) Phillies : LHP Tim Lawson
|
|
Batting: RHB Steve Terres
|
0-0: Ball 1-0: SINGLE (Groundball, 56S, EV 61.9 MPH) (infield hit)
|
|
Batting: RHB Rusty Trader
|
0-0: Ball 1-0: Foul Ball, location: 2F 1-1: Ball 2-1: DOUBLE (Line Drive, 7LS, EV 96.2 MPH) Steve Terres to third
|
|
Batting: RHB Hidesuke Yoshida
|
0-0: Foul Ball, location: 2F 0-1: Called Strike 0-2: Ball 1-2: Strikes out swinging
|
|
Batting: RHB Ryan LeSueur
|
0-0: Ball 1-0: Ball 2-0: Foul Ball, location: 2F 2-1: Ball 3-1: Base on Balls
|
|
Batting: SHB Juan Ayala
|
0-0: Called Strike 0-1: Called Strike 0-2: Strikes out swinging
|
|
Batting: RHB Alex Arzate
|
0-0: Called Strike 0-1: Ball 1-1: Foul Ball, location: 2F 1-2: Ball 2-2: Ball 3-2: Foul Ball, location: 2F 3-2: Base on Balls Steve Terres scores Rusty Trader to third Ryan LeSueur to second
|
|
Batting: SHB Ronnie Brooks
|
0-0: Ball 1-0: Ball 2-0: Called Strike 2-1: SINGLE (Groundball, 6MD, EV 94.4 MPH) Rusty Trader scores Ryan LeSueur to third Alex Arzate to second Runner from 3rd tries for Home, SAFE, throw by CF to home
|
|
Batting: LHB Josh Aerni
|
0-0: Called Strike 0-1: Ball 1-1: Ball 2-1: Ball 3-1: Foul Ball, location: 2F 3-2: Strikes out swinging
|
| Top of the 4th over - 3 runs, 3 hits, 0 errors, 2 left on base; Bristol 4 - Philadelphia (APP) 1 |
| BOTTOM OF THE 4TH |
|
Philadelphia (APP) Phillies batting - Pitching for Bristol Pirates : RHP Luis Flores
|
|
Batting: RHB Joel Gomez
|
0-0: Called Strike 0-1: Ground out 6-3 (Groundball, 6M, EV 105.6 MPH)
|
|
Batting: LHB Travis Hahn
|
0-0: Called Strike 0-1: Foul Ball, location: 2F 0-2: Foul Ball, location: 2F 0-2: Foul Ball, location: 2F 0-2: Ball 1-2: Ball 2-2: Ball 3-2: Foul Ball, location: 2F 3-2: Strikes out swinging
|
|
Batting: RHB Rafael Soto
|
0-0: Ball 1-0: Called Strike 1-1: Called Strike 1-2: Foul Ball, location: 2F 1-2: Ball 2-2: SINGLE (Line Drive, 89S, EV 88.8 MPH)
|
|
Batting: RHB Miguel Vazquez
|
0-0: Called Strike 0-1: Ball 1-1: Foul Ball, location: 2F 1-2: Foul Ball, location: 2F 1-2: Ball 2-2: Ground out 4-3 (Groundball, 34, EV 106.9 MPH)
|
| Bottom of the 4th over - 0 runs, 1 hit, 0 errors, 1 left on base; Bristol 4 - Philadelphia (APP) 1 |
| TOP OF THE 5TH |
|
Bristol Pirates batting - Pitching for Philadelphia (APP) Phillies : LHP Tim Lawson
|
|
Batting: RHB Ricky Alvarado
|
0-0: Called Strike 0-1: DOUBLE (Flyball, 8RXD, EV 106.9 MPH)
|
|
Batting: RHB Steve Terres
|
0-0: Swinging Strike 0-1: Ball 1-1: Ground out 6-3 (Groundball, 6, EV 103.8 MPH)
|
|
Batting: RHB Rusty Trader
|
0-0: Foul Ball, location: 2F 0-1: Ball Passed Ball! Ricky Alvarado to third 1-1: Foul Ball, location: 2F 1-2: DOUBLE (Line Drive, 8RXD, EV 101.9 MPH) Ricky Alvarado scores
|
|
Pitching: RHP Dave Gomez
|
|
|
Batting: RHB Hidesuke Yoshida
|
0-0: Ball 1-0: Ball 2-0: Foul Ball, location: 2F 2-1: Ball 3-1: Ground out 1-3 (Groundball, 13S, EV 73.8 MPH) Rusty Trader to third
|
|
Batting: RHB Ryan LeSueur
|
0-0: Ball 1-0: Foul Ball, location: 2F 1-1: Ball 2-1: Ball 3-1: Base on Balls
|
|
Batting: SHB Juan Ayala
|
0-0: Fly out, F9 (Flyball, 9, EV 90.0 MPH)
|
| Top of the 5th over - 1 run, 2 hits, 0 errors, 2 left on base; Bristol 5 - Philadelphia (APP) 1 |
| BOTTOM OF THE 5TH |
|
Philadelphia (APP) Phillies batting - Pitching for Bristol Pirates : RHP Luis Flores
|
|
Pitching: RHP Randy Nelligan
|
|
|
Batting: LHB Jonathan Roman
|
0-0: Foul Ball, location: 2F 0-1: Ball 1-1: Ball 2-1: Foul Ball, location: 2F 2-2: DOUBLE (Line Drive, 89M, EV 99.4 MPH)
|
|
Batting: RHB Dave Gallegos
|
0-0: Ball 1-0: Called Strike 1-1: Ground out U3 (Groundball, 34, EV 82.5 MPH) Jonathan Roman to third
|
|
Batting: LHB Rich Kuehne
|
0-0: Foul Ball, location: 2F 0-1: DOUBLE (Line Drive, 78D, EV 101.9 MPH) Jonathan Roman scores
|
|
Batting: SHB Brett St. Clair
|
0-0: Called Strike 0-1: Foul Ball, location: 2F 0-2: Ball 1-2: Ball 2-2: Ball 3-2: SINGLE (Groundball, 4MD, EV 100.0 MPH) Rich Kuehne to third
|
|
Batting: RHB Juan Valadez
|
0-0: Ball 1-0: Called Strike 1-1: Ball 2-1: Swinging Strike 2-2: Ball 3-2: Strikes out looking
|
|
Batting: RHB Joel Gomez
|
0-0: Ball 1-0: Swinging Strike 1-1: Foul Ball, location: 2F 1-2: Ball 2-2: Strikes out swinging
|
| Bottom of the 5th over - 1 run, 3 hits, 0 errors, 2 left on base; Bristol 5 - Philadelphia (APP) 2 |
| TOP OF THE 6TH |
|
Bristol Pirates batting - Pitching for Philadelphia (APP) Phillies : RHP Dave Gomez
|
|
Batting: RHB Alex Arzate
|
0-0: Called Strike 0-1: DOUBLE (Groundball, 5L, EV 113.1 MPH)
|
|
Batting: SHB Ronnie Brooks
|
0-0: Fly out, F8 (Line Drive, 89M, EV 88.1 MPH)
|
|
Batting: LHB Josh Aerni
|
0-0: Called Strike Alex Arzate steals 3rd base 0-1: Ball 1-1: Swinging Strike 1-2: Foul Ball, location: 2F 1-2: Ground out 6-3 (Groundball, 6MD, EV 99.4 MPH) Alex Arzate scores
|
|
Batting: RHB Ricky Alvarado
|
0-0: Ground out 6-3 (Groundball, 6S, EV 86.2 MPH)
|
| Top of the 6th over - 1 run, 1 hit, 0 errors, 0 left on base; Bristol 6 - Philadelphia (APP) 2 |
| BOTTOM OF THE 6TH |
|
Philadelphia (APP) Phillies batting - Pitching for Bristol Pirates : RHP Randy Nelligan
|
|
Batting: LHB Travis Hahn
|
0-0: Foul Ball, location: 2F 0-1: Swinging Strike 0-2: Strikes out looking
|
|
Batting: RHB Rafael Soto
|
0-0: Swinging Strike 0-1: Swinging Strike 0-2: Ground out 4-3 (Groundball, 4, EV 108.1 MPH)
|
|
Batting: RHB Miguel Vazquez
|
0-0: Ball 1-0: Ball 2-0: Called Strike 2-1: Swinging Strike 2-2: Foul Ball, location: 2F 2-2: Foul Ball, location: 2F 2-2: Foul Ball, location: 2F 2-2: Strikes out swinging
|
| Bottom of the 6th over - 0 runs, 0 hits, 0 errors, 0 left on base; Bristol 6 - Philadelphia (APP) 2 |
| TOP OF THE 7TH |
|
Bristol Pirates batting - Pitching for Philadelphia (APP) Phillies : RHP Dave Gomez
|
|
Batting: RHB Steve Terres
|
0-0: Called Strike 0-1: Foul Ball, location: 2F 0-2: Strikes out looking
|
|
Batting: RHB Rusty Trader
|
0-0: Foul Ball, location: 2F 0-1: Ball 1-1: Swinging Strike 1-2: Ball 2-2: Ball 3-2: Foul Ball, location: 2F 3-2: Base on Balls
|
|
Batting: RHB Hidesuke Yoshida
|
0-0: Called Strike 0-1: Foul Ball, location: 2F 0-2: Ground out 5-3 (Groundball, 56S, EV 64.4 MPH) Rusty Trader to second
|
|
Batting: RHB Ryan LeSueur
|
0-0: Called Strike 0-1: 2-RUN HOME RUN (Flyball, 78XD, EV 98.8 MPH), Distance : 395 ft
|
|
Batting: SHB Juan Ayala
|
0-0: Called Strike 0-1: Called Strike 0-2: Ball 1-2: Ball 2-2: Foul Ball, location: 2F 2-2: Foul Ball, location: 2F 2-2: Foul Ball, location: 2F 2-2: Foul Ball, location: 2F 2-2: Strikes out swinging
|
| Top of the 7th over - 2 runs, 1 hit, 0 errors, 0 left on base; Bristol 8 - Philadelphia (APP) 2 |
| BOTTOM OF THE 7TH |
|
Philadelphia (APP) Phillies batting - Pitching for Bristol Pirates : RHP Randy Nelligan
|
|
Pitching: RHP Nick Lockwood
|
|
|
Batting: LHB Jonathan Roman
|
0-0: Called Strike 0-1: Foul Ball, location: 2F 0-2: Ball 1-2: Foul Ball, location: 2F 1-2: Ball 2-2: Ball 3-2: Foul Ball, location: 2F 3-2: Ground out U3 (Groundball, 34S, EV 86.9 MPH)
|
|
Batting: RHB Dave Gallegos
|
0-0: Ball 1-0: Called Strike 1-1: Ground out 6-3 (Groundball, 6S, EV 81.9 MPH)
|
|
Batting: LHB Rich Kuehne
|
0-0: Called Strike 0-1: Ball 1-1: Called Strike 1-2: Foul Ball, location: 2F 1-2: Ball 2-2: Foul Ball, location: 2F 2-2: Ball 3-2: Foul Ball, location: 2F 3-2: SINGLE (Groundball, 4MD, EV 95.0 MPH)
|
|
Batting: SHB Brett St. Clair
|
0-0: Ball 1-0: Called Strike 1-1: Foul Ball, location: 2F 1-2: Strikes out swinging
|
| Bottom of the 7th over - 0 runs, 1 hit, 0 errors, 1 left on base; Bristol 8 - Philadelphia (APP) 2 |
| TOP OF THE 8TH |
|
Bristol Pirates batting - Pitching for Philadelphia (APP) Phillies : RHP Dave Gomez
|
|
Pitching: LHP Marc Haigler
|
|
|
Batting: RHB Alex Arzate
|
0-0: Called Strike 0-1: SINGLE (Groundball, 6S, EV 68.8 MPH) (infield hit)
|
|
Batting: SHB Ronnie Brooks
|
0-0: Fielders Choice at 2nd, 6-4 (Groundball, 6, EV 86.2 MPH)
|
|
Batting: LHB Josh Aerni
|
0-0: Ball 1-0: Called Strike 1-1: Called Strike 1-2: Foul Ball, location: 2F 1-2: Strikes out looking
|
|
Batting: RHB Ricky Alvarado
|
0-0: Ball 1-0: Called Strike 1-1: Foul Ball, location: 2F 1-2: Ground out 4-3 (Groundball, 4, EV 79.4 MPH)
|
| Top of the 8th over - 0 runs, 1 hit, 0 errors, 1 left on base; Bristol 8 - Philadelphia (APP) 2 |
| BOTTOM OF THE 8TH |
|
Philadelphia (APP) Phillies batting - Pitching for Bristol Pirates : RHP Nick Lockwood
|
|
Batting: RHB Juan Valadez
|
0-0: Foul Ball, location: 2F 0-1: Called Strike 0-2: Ball 1-2: Ground out 5-3 (Groundball, 56, EV 89.4 MPH)
|
|
Batting: RHB Joel Gomez
|
0-0: Ball 1-0: Ball 2-0: Called Strike 2-1: Ball 3-1: Foul Ball, location: 2F 3-2: Foul Ball, location: 2F 3-2: Strikes out swinging
|
|
Batting: LHB Travis Hahn
|
0-0: Ball 1-0: SINGLE (Groundball, 4MD, EV 102.5 MPH)
|
|
Batting: RHB Rafael Soto
|
0-0: Ball 1-0: DOUBLE (Groundball, 5L, EV 106.2 MPH) Travis Hahn to third
|
|
Batting: RHB Miguel Vazquez
|
0-0: Foul Ball, location: 2F 0-1: Called Strike 0-2: Fly out, F7 (Flyball, 7, EV 83.8 MPH)
|
| Bottom of the 8th over - 0 runs, 2 hits, 0 errors, 2 left on base; Bristol 8 - Philadelphia (APP) 2 |
| TOP OF THE 9TH |
|
Bristol Pirates batting - Pitching for Philadelphia (APP) Phillies : LHP Marc Haigler
|
|
Batting: RHB Steve Terres
|
0-0: Ball 1-0: Ball 2-0: Foul Ball, location: 2F 2-1: Foul Ball, location: 2F 2-2: Ball 3-2: SINGLE (Groundball, 56D, EV 97.5 MPH)
|
|
Batting: RHB Rusty Trader
|
0-0: Ball 1-0: Foul Ball, location: 2F 1-1: Called Strike 1-2: Strikes out swinging
|
|
Pitching: LHP Ray Paul
|
|
|
Batting: RHB Hidesuke Yoshida
|
0-0: Called Strike 0-1: Grounds into double play, 6-4-3 (Groundball, 6, EV 89.4 MPH)
|
| Top of the 9th over - 0 runs, 1 hit, 0 errors, 0 left on base; Bristol 8 - Philadelphia (APP) 2 |
| BOTTOM OF THE 9TH |
|
Philadelphia (APP) Phillies batting - Pitching for Bristol Pirates : RHP Nick Lockwood
|
|
Pitching: RHP Matt Wax
|
|
|
Batting: LHB Jonathan Roman
|
0-0: Called Strike 0-1: Called Strike 0-2: Ball 1-2: SINGLE (Flyball, 7, EV 98.1 MPH)
|
|
Batting: RHB Dave Gallegos
|
0-0: Ball 1-0: Called Strike 1-1: Foul Ball, location: 2F 1-2: DOUBLE (Line Drive, 5D, EV 105.6 MPH) Jonathan Roman to third
|
|
Batting: LHB Rich Kuehne
|
0-0: Hit by Pitch
|
|
Batting: SHB Brett St. Clair
|
0-0: Ball 1-0: Foul Ball, location: 2F 1-1: Swinging Strike 1-2: Strikes out swinging
|
|
Batting: RHB Juan Valadez
|
0-0: Ball 1-0: Ball 2-0: Ball 3-0: Base on Balls Jonathan Roman scores Dave Gallegos to third Rich Kuehne to second
|
|
Batting: RHB Joel Gomez
|
0-0: Called Strike 0-1: Foul Ball, location: 2F 0-2: Ball Wild Pitch! Dave Gallegos scores Rich Kuehne to third Juan Valadez to second 1-2: Ground out 4-3 (Groundball, 4, EV 89.4 MPH) Rich Kuehne scores Juan Valadez to third
|
|
Pitching: RHP Francisco Santos
|
|
|
Now at 1B: Dustin Herman
|
|
|
Batting: LHB Travis Hahn
|
0-0: Ground out 6-3 (Groundball, 6M, EV 89.4 MPH)
|
| Bottom of the 9th over - 3 runs, 2 hits, 0 errors, 1 left on base; Bristol 8 - Philadelphia (APP) 5 |
|